[Event "Serbian League 2024"]
[Site "Bajina Basta"]
[Date "2024.10.02"]
[Round "6.15"]
[White "Sedlak, Nikola"]
[Black "Milanovic, Danilo"]
[Result "1-0"]
[ECO "A15"]
[WhiteElo "2401"]
[BlackElo "2442"]
[Annotator "TA"]
[PlyCount "81"]
[EventDate "2024.09.26"]
[EventType "team-tourn"]
[EventCountry "SRB"]
[SourceTitle "playchess.com"]
[Source "ChessBase"]
[SourceQuality "1"]
[TimeControl "40/5400+30:1800+30"]

1. Nf3 Nf6 2. c4 d6 3. g3 Bf5 4. Bg2 Qc8 5. h3 g6 6. Nc3 Bg7 7. d4 Ne4 8. Nd5 {[%emt 0:09:41] White has an edge.} c6 9. Ne3 Bd7 10. Qd3 Nf6 11. Bd2 O-O 12. h4 c5 13. dxc5 Qxc5 {[%emt 0:01:10] [#]} ({Black should try} 13... dxc5 $11 14. Bc3 Nc6) 14. h5 $1 $14 Nc6 (14... a5 15. h6) 15. hxg6 hxg6 16. Bc3 a5 17. Rc1 Bf5 18. Nxf5 (18. Qd1 {seems wilder.} Ne4 19. Bxg7 Kxg7 20. Nh4) 18... Qxf5 19. Qxf5 gxf5 20. Nd4 Nxd4 21. Bxd4 Ng4 22. e3 {[%emt 0:02:04] White is more active.} Rac8 23. Ke2 ({But not} 23. Bxb7 Rb8 24. Bf3 (24. Bxg7 $2 Kxg7 25. Ba6 Rxb2 $19) 24... Bxd4 25. exd4 Rxb2 $11) 23... Bxd4 24. exd4 b6 $2 {[%emt 0:00:26] [#] A mistake that costs the game.} (24... Kg7 $11 {and Black has nothing to worry.}) 25. Rh5 $1 $18 {[%emt 0:00:42] Strongly threatening Rg5+.} Rfd8 26. Rxf5 Kf8 27. Bh3 Nf6 {[%emt 0:00:07] [#]} 28. Rxf6 $1 exf6 29. Bxc8 Rxc8 {[%emt 0:00:01][%mdl 4096] Endgame. KR-KR} 30. Kd3 Ke7 31. Rh1 f5 32. a4 Rg8 33. Rh5 Ke6 34. b3 Kf6 35. Rh6+ Ke7 36. Ke3 Rg4 37. Rh8 Re4+ 38. Kd3 Kd7 39. Rf8 Re7 40. Ra8 {[%emt 0:00:40] Ra7+ is the strong threat.} Kc6 41. d5+ {[%emt 0:34:04] Weighted Error Value: White=0.09 (flawless) /Black=0.27 (precise) .  Loses game:     	---       	Black=1      Mistake:       	---       	Black=1      Inaccurate:     	White=2     	Black=5      OK:         	White=16    	Black=11     Best:        	White=2     	Black=1      Strong:       	White=1     	---        Brilliant:      	White=1     	---} 1-0

[Event "Serbian League 2024"]
[Site "Bajina Basta"]
[Date "2024.10.02"]
[Round "6.16"]
[White "Spasic, Petar"]
[Black "Stojanovic, Dalibor"]
[Result "1-0"]
[ECO "D00"]
[WhiteElo "2304"]
[BlackElo "2448"]
[Annotator "TA"]
[PlyCount "87"]
[EventDate "2024.09.26"]
[EventType "team-tourn"]
[EventCountry "SRB"]
[SourceTitle "playchess.com"]
[Source "ChessBase"]
[SourceQuality "1"]
[TimeControl "40/5400+30:1800+30"]

1. d4 Nf6 2. Bf4 g6 3. Nc3 d5 4. e3 c6 5. h3 Bg7 6. Nf3 O-O 7. Be2 Nbd7 8. O-O b6 9. Ne5 Bb7 10. Bf3 Nxe5 {[%emt 0:11:15] The position is equal.} 11. Bxe5 Qc8 12. Rc1 Rd8 13. Ne2 c5 14. Qe1 Nd7 15. Bxg7 Kxg7 16. c4 dxc4 17. Bxb7 Qxb7 18. Qc3 b5 19. dxc5+ Kg8 20. b4 {[%emt 0:06:28][%cal Oa2a4] [#]} a5 $1 21. Nd4 Ne5 22. Rb1 axb4 23. Qxb4 Nc6 24. Qxb5 Qxb5 25. Rxb5 Nxd4 26. exd4 Rxa2 $11 {[%emt 0:04:25][%mdl 4096] Endgame. KRR-KRR} (26... Rxd4 $11 {keeps the balance.} 27. c6 Rc8) 27. c6 {[%emt 0:09:54] Black must now prevent c7.} Rc8 28. d5 {[%emt 0:02:13] Black is on the road to losing.} Ra6 {[%emt 0:04:08] [#]} (28... e6 $2 29. d6 Rxc6 30. Rb8+ Kg7 31. d7 $18) (28... Kg7 $142) 29. Rfb1 $1 $16 Raa8 {[%emt 0:03:15] Dodges Rb8} 30. Rc5 Rc7 (30... Ra4 {is a better defense.} 31. Kf1 Kf8) 31. Rxc4 $18 {[%emt 0:00:51] Strongly threatening Rb7.} Kg7 $2 (31... Kf8 {was called for.} 32. Kh2 Ke8) 32. f4 {[%emt 0:01:56] aiming for Rb7.} Ra5 $2 (32... Kf8 33. Rb7 Rcc8) 33. Rb7 Rc8 34. Rd7 ({Not} 34. Rxe7 Rxd5 35. c7 h5 $16) 34... Kf6 35. Kf2 Ra6 36. g4 h6 37. h4 g5 38. hxg5+ hxg5 39. fxg5+ Ke5 40. Rc3 (40. Rxe7+ Kxd5 41. Rc1 Rcxc6 42. Rd1+ Kc4 43. Rxf7 Rg6 44. Rc7+ Kb3 45. Rb1+ Ka2 $18) 40... e6 41. Re3+ Kf4 42. Rxf7+ ({Less strong is} 42. dxe6 fxe6 43. c7 Rc6 $16) 42... Kxg4 43. Rg3+ Kh5 44. g6 {[%emt 0:00:00] Weighted Error Value: White=0.18 (very precise) /Black=0.63.  Mistake:       	---       	Black=5      Inaccurate:     	---       	Black=1      OK:         	White=14    	Black=11     Best:        	White=1     	---        Strong:       	White=1     	---} 1-0

[Event "Serbian League 2024"]
[Site "Bajina Basta"]
[Date "2024.10.02"]
[Round "6.17"]
[White "Alimpic, Aleksa"]
[Black "Stankovic, Boris"]
[Result "1-0"]
[ECO "D00"]
[WhiteElo "2253"]
[BlackElo "2290"]
[Annotator "RC"]
[PlyCount "81"]
[EventDate "2024.09.26"]
[EventType "team-tourn"]
[EventCountry "SRB"]
[SourceTitle "playchess.com"]
[Source "ChessBase"]
[SourceQuality "1"]
[TimeControl "40/5400+30:1800+30"]

1. d4 Nf6 2. Nf3 g6 3. Nc3 d5 4. Bf4 Bg7 5. Nb5 Na6 6. e3 O-O 7. h3 Ne4 8. Nd2 Nd6 9. Nxd6 cxd6 10. c3 e5 11. Bh2 Nc7 12. a4 Qe7 13. Be2 Qg5 14. Bg3 f5 15. O-O Qe7 16. Re1 g5 17. Bh2 Kh8 18. Rc1 f4 19. Bg4 Qf7 20. exf4 gxf4 21. dxe5 dxe5 22. c4 e4 23. cxd5 e3 24. Ne4 Bxg4 25. Qxg4 Nxd5 26. Kh1 Qg6 27. Qxg6 hxg6 28. fxe3 fxe3 29. Rcd1 Nb6 30. b3 Rae8 31. Rxe3 Re6 32. Rde1 Nd7 33. Bg1 Rfe8 34. Nd6 Rxe3 35. Rxe3 Rf8 36. Rf3 b6 37. Rxf8+ Bxf8 38. Nc8 Nc5 39. Bxc5 Bxc5 40. Nxa7 Kg7 41. Nc6 1-0

[Event "Serbian League 2024"]
[Site "Bajina Basta"]
[Date "2024.10.02"]
[Round "6.18"]
[White "Petrovic, Aleksa"]
[Black "Popovic, Milan S"]
[Result "1-0"]
[ECO "A05"]
[WhiteElo "2250"]
[BlackElo "2367"]
[Annotator "RC"]
[PlyCount "127"]
[EventDate "2024.09.26"]
[EventType "team-tourn"]
[EventCountry "SRB"]
[SourceTitle "playchess.com"]
[Source "ChessBase"]
[SourceQuality "1"]
[TimeControl "40/5400+30:1800+30"]

1. Nf3 Nf6 2. g3 g6 3. b3 d5 4. Bb2 c5 5. Bg2 Bg7 6. O-O O-O 7. c4 d4 8. b4 a5 9. bxc5 Nc6 10. d3 Nd7 11. Ba3 Nb4 12. c6 bxc6 13. Nbd2 Rb8 14. Nb3 c5 15. Bc1 Qc7 16. a3 Nc6 17. Ra2 Bb7 18. e3 e5 19. Re1 Nd8 20. Rae2 Ne6 21. exd4 cxd4 22. Bd2 Ra8 23. a4 Rfb8 24. Bc1 Bc6 25. Ra2 Qb7 26. Nbd2 Nec5 27. Qe2 Qc7 28. h4 Nxa4 29. Ne4 f5 30. Neg5 Nc3 31. Qc2 Nxa2 32. Qxa2 Qb7 33. Nxe5 Nxe5 34. Bxc6 Nxc6 35. Bf4 h6 36. c5+ Qb3 37. Re8+ Bf8 38. Qxb3+ Rxb3 39. Rxa8 hxg5 40. Bd6 Kf7 41. Rxf8+ Ke6 42. hxg5 a4 43. Re8+ Kd5 44. Ra8 a3 45. f4 Rxd3 46. g4 Ke6 47. gxf5+ Kxf5 48. Kf2 Kg4 49. Ra6 Nb4 50. Ra4 Nc6 51. Ra6 Nb4 52. Ra4 a2 53. c6 Nxc6 54. Rxa2 Rc3 55. Ke2 Kf5 56. Ra8 Rc2+ 57. Kd3 Rc3+ 58. Kd2 Ke6 59. Bc7 Nb4 60. Ba5 Rd3+ 61. Ke2 Re3+ 62. Kd2 Ra3 63. Re8+ Kf7 64. Rf8+ 1-0

[Event "Serbian League 2024"]
[Site "Bajina Basta"]
[Date "2024.10.02"]
[Round "6.19"]
[White "Adhiban, B.."]
[Black "Sarana, Alexey"]
[Result "1-0"]
[ECO "B87"]
[WhiteElo "2537"]
[BlackElo "2713"]
[Annotator "TA"]
[PlyCount "91"]
[EventDate "2024.09.26"]
[EventType "team-tourn"]
[EventCountry "SRB"]
[SourceTitle "playchess.com"]
[Source "ChessBase"]
[SourceQuality "1"]
[TimeControl "40/5400+30:1800+30"]

1. e4 c5 2. Nf3 d6 3. d4 cxd4 4. Nxd4 Nf6 5. Nc3 a6 6. Bc4 e6 7. Bb3 b5 8. a3 Be7 9. Qf3 Qc7 10. Bf4 Nc6 11. Nxc6 {[%emt 0:01:58] The position is equal.} Qxc6 12. O-O-O O-O 13. Rhe1 a5 14. Bxd6 Bxd6 15. Rxd6 Qxd6 16. e5 {[%emt 0:00:05] [#]} Bb7 17. Qxb7 $11 Qd7 18. Qxb5 Rfd8 19. Qe2 {[%emt 0:10:41] Inhibits Qd2+. Active counter play!} (19. Re2 {simplifies} Qxb5 20. Nxb5 Nd7 21. f4) 19... Ne8 20. a4 Nc7 21. Ne4 Na6 (21... Rab8 {looks sharper.} 22. g3 Qc6 23. Qf3 Qb7) 22. Kb1 {[%emt 0:01:47] Black is weak on the light squares} Qe7 23. f4 Nc5 24. Nxc5 Qxc5 25. g4 Rab8 26. f5 Rb6 27. Ka2 Qb4 {[%emt 0:04:03] Black is now going downhill.} 28. Rd1 Qe7 29. Qf2 Rxd1 (29... Rc6 $16 30. Qf3 Rdc8 (30... Rxd1 $2 31. Qxc6 g6 32. fxe6 $18)) 30. Qxb6 $18 exf5 $16 {[%emt 0:00:11][%mdl 4096] Endgame. KQR-KQB} 31. e6 fxe6 (31... g6 {might work better.} 32. exf7+ (32. Qxa5 fxe6 33. gxf5 gxf5 $18) 32... Kg7 33. gxf5 (33. Qxa5 fxg4 34. Qc3+ Kh6 $18) 33... gxf5 34. Qxa5 Qe1 35. f8=B+ (35. Qxf5 $2 Ra1#) 35... Kxf8 36. Qxf5+ Ke7 37. Qc5+ (37. Qxh7+ Kd6 $18) 37... Kd8 38. Qg5+ (38. Qb6+ Kd7 $18) 38... Kc8 39. Qg8+ Kc7 40. Qxh7+ Kb8 41. Qg8+ Ka7 42. Qf7+ Kb6) 32. gxf5 $18 (32. Qxa5 fxg4 33. Qf5 Rd6 $17) 32... Qd8 33. Bxe6+ Kh8 {[%emt 0:00:24] [#]} (33... Kf8 $142 34. Qa7 Qf6 35. Qc5+ (35. Qxa5 g6 $14) 35... Ke8 36. Qxa5 g6 37. Qb5+ Kf8) 34. Qxd8+ $1 Rxd8 {[%emt 0:00:03] [#] KR-KB} 35. b4 $1 axb4 36. Kb3 g5 37. f6 (37. Kxb4 h5 $18) (37. a5 $142) 37... Rd6 38. Bc4 {[%emt 0:00:27] aiming for a5.} h5 $2 (38... Rxf6 39. a5 Rc6 40. Kxb4 (40. a6 Rc7 $18) 40... Kg7) 39. a5 ({Less strong is} 39. Kxb4 Rd2 $16 (39... Rxf6 $2 {perishes.} 40. a5 $18)) 39... g4 40. a6 Rd8 {[%emt 0:01:22] Inhibits f7.} 41. Bd3 {[%emt 0:39:20][%cal Od3e4] And now Be4! would win.} Ra8 42. Kxb4 {[%emt 0:00:00] White threatens Ka5 and mate.} h4 43. Ka5 {[%emt 0:00:00] White mates.} g3 44. hxg3 hxg3 45. Be4 Re8 {[%emt 0:00:11] [#]} 46. a7 $1 {[%emt 0:00:00] Weighted Error Value: White=0.13 (very precise) /Black=0.44.  Loses game:     	---       	Black=1      Mistake:       	White=1     	Black=5      Inaccurate:     	White=3     	Black=3      OK:         	White=10    	Black=6      Best:        	White=8     	Black=1      Strong:       	White=1     	---        Brilliant:      	White=1     	---} 1-0

[Event "Serbian League 2024"]
[Site "Bajina Basta"]
[Date "2024.10.02"]
[Round "6.20"]
[White "Matlakov, Maxim"]
[Black "Can, Emre"]
[Result "1-0"]
[ECO "B51"]
[WhiteElo "2636"]
[BlackElo "2547"]
[Annotator "TA"]
[PlyCount "117"]
[EventDate "2024.09.26"]
[EventType "team-tourn"]
[EventCountry "SRB"]
[SourceTitle "playchess.com"]
[Source "ChessBase"]
[SourceQuality "1"]
[TimeControl "40/5400+30:1800+30"]

1. e4 c5 2. Nf3 d6 3. Bb5+ Nd7 4. O-O a6 5. Be2 Ngf6 6. d3 {[%emt 0:00:16] B51: Sicilian: Moscow Variation (3 Bb5+) without 3...Bd7.} e6 7. a4 b6 8. Nfd2 {[%emt 0:00:10] 8.Bf4 is vanishing.} Be7 9. f4 O-O 10. Bf3 Bb7 11. Nc3 d5 12. g4 d4 $146 ({Predecessor:} 12... Nb8 13. g5 Ne8 14. exd5 exd5 15. Bg2 Nc7 16. Nc4 Nc6 17. Nxb6 Rb8 18. Nbxd5 Nxd5 19. Nxd5 {½-½ Nepomniachtchi,I (2771)-Carlsen,M (2839) AI Cup Div 1 W rapid 2023 (2.2)}) 13. Ne2 e5 14. g5 Ne8 15. h4 exf4 16. Nxf4 Ne5 17. Bg2 Nc7 18. Nf3 f6 19. Nh5 Nxf3+ 20. Rxf3 fxg5 21. Rxf8+ Qxf8 22. Bxg5 g6 23. Bxe7 Qxe7 24. Qg4 Rf8 25. Rf1 Ne6 26. e5 (26. Rf5 {simplifies} a5 27. b3 Rxf5 28. exf5 Bxg2 29. Kxg2 Nf8 30. Ng3) 26... Rxf1+ 27. Kxf1 Kf7 28. Nf6 Ng7 (28... h5 $5 29. Qg3 $8 Bxg2+ 30. Qxg2 (30. Kxg2 Ng7 $11) 30... Nd8 $11 (30... Nf4 31. Qe4 $16)) 29. Bxb7 Qxb7 30. Ne4 Kf8 31. Kf2 (31. Ke2 $1 $14) 31... Nf5 $11 32. h5 Qg7 (32... Ne3 $11 33. Qf3+ Qf7) 33. Qf4 Qh6 ({Black should play} 33... Qf7 $14) 34. Qxh6+ $18 Nxh6 35. hxg6 hxg6 {[%emt 0:00:16] [#]} 36. a5 $1 bxa5 37. Kf3 Nf7 38. Kf4 (38. Nxc5 Nxe5+ 39. Ke4 Nc6 $16) 38... c4 39. dxc4 Ke7 40. Nc5 Nd8 $2 (40... a4 41. Nd3 (41. Nxa4 g5+ 42. Ke4 g4 $16) 41... Ke6 42. Nc5+ Ke7) 41. Nb3 $18 (41. Nxa6 Nc6 $11) 41... Ne6+ ({Of course not} 41... Nc6 42. Ke4 $18) 42. Ke4 g5 43. Nxa5 Nc5+ (43... g4 {was called for.} 44. b4 (44. Nc6+ Kd7 $14) 44... Kd8 45. Nc6+ Ke8) 44. Kxd4 $18 g4 (44... Nd7 $142 45. Kd5 Nb6+ 46. Ke4 (46. Kc6 Na4 $18) 46... Ke6) 45. Ke3 (45. Kxc5 $142 g3 46. Nc6+ Ke6 47. Nd4+ Kxe5 48. Nf3+ Kf4 49. Ng1) 45... Ke6 46. Kf4 g3 47. Kxg3 Kxe5 48. Kf3 Kd6 49. Ke3 Na4 50. b4 Nc3 51. Kd3 Nd1 52. Kd4 Nf2 53. c5+ Kc7 54. c4 Ng4 55. b5 axb5 56. cxb5 Nf6 57. b6+ Kd7 58. c6+ Kd6 59. Kc4 1-0

[Event "Serbian League 2024"]
[Site "Bajina Basta"]
[Date "2024.10.02"]
[Round "6.21"]
[White "Bogosavljevic, Boban"]
[Black "Stojanovic, Mihajlo"]
[Result "1/2-1/2"]
[ECO "E04"]
[WhiteElo "2486"]
[BlackElo "2424"]
[Annotator "TA"]
[PlyCount "139"]
[EventDate "2024.09.26"]
[EventType "team-tourn"]
[EventCountry "SRB"]
[SourceTitle "playchess.com"]
[Source "ChessBase"]
[SourceQuality "1"]
[TimeControl "40/5400+30:1800+30"]

1. Nf3 d5 2. g3 c5 3. Bg2 Nc6 4. d4 Nf6 5. O-O e6 6. c4 dxc4 7. dxc5 Qxd1 8. Rxd1 Bxc5 9. Nbd2 c3 10. bxc3 O-O 11. Nb3 Be7 {[%emt 0:00:13] E04: Open Catalan: 5 Nf3.} 12. Bg5 h6 13. Bxf6 Bxf6 14. Nfd4 Nxd4 15. cxd4 Rb8 16. Rac1 b6 17. e4 Bb7 $146 ({Predecessor:} 17... e5 18. dxe5 Bxe5 19. Rc2 g5 20. Rd5 Re8 21. Rdd2 Be6 22. Bf1 Red8 23. Ba6 Kf8 {0-1 Lysyj,I (2691)-Ma,Z (2468) CHN-chT China 2015 (3.1)}) 18. e5 Bd8 19. a4 Re8 20. d5 exd5 21. Bxd5 Kf8 22. f4 Be7 23. Bxb7 Rxb7 24. Kg2 f6 25. e6 f5 26. Rd7 Rxd7 27. exd7 Rd8 28. Rc7 Bf6 $1 29. Rxa7 Ke7 30. Rb7 Ra8 31. Rxb6 Rxa4 32. Nc5 Rd4 33. Re6+ Kf7 34. Rc6 g5 35. fxg5 hxg5 36. Rc7 Bd8 37. Rc8 Be7 38. Rh8 Rd5 39. Rc8 g4 40. Kf1 Rd2 41. Ke1 Rd5 42. Ke2 Bf6 43. Rc7 Bd8 44. Rc6 Bf6 45. Ra6 Ke7 46. Ra5 Kf7 47. Rb5 Ke7 48. Rb8 (48. d8=Q+ {simplifies} Rxd8 49. Nd3 Rh8 50. Rxf5 Rxh2+ 51. Rf2) 48... Kf7 49. Rb7 Ke7 50. Rb8 Kf7 51. Rc8 Ke7 52. Rc6 Kf7 53. Kf1 Be7 54. Rc8 Bf6 (54... Rd2 $5) 55. Kf2 Be7 56. Ke1 Bg5 57. Rc6 Be7 58. Ke2 Bxc5 (58... Bg5 {seems wilder.} 59. Nd3 Ke7 60. Rc5 Rxc5 61. Nxc5 Kd6) 59. Rxc5 Rxd7 60. Rxf5+ Kg6 61. Rf4 Kg5 62. Ke3 Re7+ 63. Kd3 Rd7+ 64. Ke3 Re7+ 65. Kf2 Rh7 66. Kg2 Ra7 67. Rf2 Ra6 68. Rd2 Rf6 69. Rd8 Rf7 70. h4+ 1/2-1/2

[Event "Serbian League 2024"]
[Site "Bajina Basta"]
[Date "2024.10.02"]
[Round "6.22"]
[White "Nestorovic, Nikola"]
[Black "Zajic, Milan"]
[Result "1-0"]
[ECO "C54"]
[WhiteElo "2458"]
[BlackElo "2404"]
[Annotator "TA"]
[PlyCount "105"]
[EventDate "2024.09.26"]
[EventType "team-tourn"]
[EventCountry "SRB"]
[SourceTitle "playchess.com"]
[Source "ChessBase"]
[SourceQuality "1"]
[TimeControl "40/5400+30:1800+30"]

1. e4 e5 2. Nf3 Nc6 3. Bc4 Nf6 4. d3 Bc5 5. O-O d6 6. c3 a6 7. a4 Ba7 8. Nbd2 O-O 9. Re1 {[%emt 0:01:39] The position is equal.} Ng4 10. Re2 Kh8 11. h3 Nh6 12. d4 f5 13. Bd5 Ne7 (13... exd4 $15 {keeps the upper hand.} 14. cxd4 fxe4 (14... Nxd4 15. Nxd4 Bxd4 16. Nf3 $16) 15. Rxe4 (15. Nxe4 Rxf3 16. Bxc6 bxc6 $11) 15... Nf5) 14. dxe5 $16 {[%emt 0:10:05] White is more active.} Nxd5 (14... Ng6 $1 $14) 15. exd5 {[%emt 0:00:04] aiming for e6.} dxe5 16. Nxe5 (16. Rxe5 $6 Nf7 $16) 16... Qxd5 17. Qe1 Ng8 18. c4 Qd8 (18... Qd6 $142 19. Ndf3 a5) 19. Ndf3 $18 f4 20. Ra3 Qf6 (20... Be6 $142 21. Rd3 Qf6) 21. Re4 Bf5 22. Rxf4 {[%emt 0:01:57] Threatens to win with g4.} g5 $2 (22... Qd6 {was necessary.} 23. Rb3 Ne7) 23. Nd7 {[%emt 0:02:53] Excellent horsemanship.} (23. Nxg5 $142 Qxg5 24. Raf3) 23... Qe7 {[%emt 0:00:32] [#]} 24. Bd2 Qxd7 $17 (24... Qxe1+ 25. Bxe1 gxf4 26. Bc3+ $16 (26. Nxf8 $2 Nf6 $19) (26. Nxf8 $2 Nf6 $19)) 25. Qe5+ (25. Nxg5 $17 {was worth a try.} Rae8 26. Qd1) 25... Rf6 $19 26. Nxg5 {[%emt 0:00:04] Strongly threatening Bc3.} Re8 $2 (26... Qxd2 $19 27. Raf3 c6) 27. Qd5 $1 $11 Qxd5 28. cxd5 {[%emt 0:00:01] Raf3 would now be deadly.} Kg7 $2 {[%emt 0:00:56][%mdl 8192] White stays focused until the end.} (28... h6 $1 $14 29. Bc3 Kg7 (29... hxg5 $2 30. Rxf5 Kg7 31. Rxg5+ Kf7 32. Bxf6 $18) 30. Rxf5 (30. Bxf6+ Kxf6 31. Ne6 Ne7 $16) 30... Kg6 31. Rxf6+ (31. Bxf6 Kxf5 32. Nh7 Re1+ 33. Kh2 Bc5 $16) 31... Nxf6) 29. Rg3 $18 {[%emt 0:01:00] Black must now prevent Ne6+.} Bg6 {[%emt 0:00:30] [#] And now ...Rxf4 would win.} 30. Bc3 $1 Bc5 {[%emt 0:00:27][%cal Oc5d6] [#]} ({Don't blunder} 30... Bb8 $2 31. Ne6+ (31. Bxf6+ Nxf6 32. Ne6+ Rxe6 $18) 31... Kf7 32. Bxf6 Nxf6 33. Rgf3 $18) 31. Ne6+ $1 (31. Bxf6+ Nxf6 32. Ne6+ Rxe6 33. dxe6 Bd6 $11) 31... Rexe6 32. dxe6 Be7 33. Rgf3 Be8 34. g4 (34. Kf1 $142) 34... Kg6 35. Bxf6 Bxf6 {[%emt 0:00:22] [#]} (35... Nxf6 36. Rf5 Bxa4) 36. g5 $1 Bg7 {[%emt 0:00:59] [#]} 37. Rf8 $1 Bc6 38. Rxg8 Bxf3 39. e7 Bc6 40. e8=Q+ Bxe8 41. Rxe8 Bxb2 {[%emt 0:30:11][%mdl 4096] Endgame. KR-KB} 42. Re7 b5 43. axb5 axb5 44. Rxc7 {[%emt 0:00:00] Intending h4 and mate.} b4 45. h4 {[%emt 0:00:00] White mates.} Bc3 46. Kg2 Kf5 47. Rxh7 b3 48. Rb7 b2 49. f3 Kf4 50. Rb5 Ke3 51. h5 Kd3 52. h6 Kc4 {[%emt 0:00:06] [#]} 53. Rxb2 $3 {[%emt 0:00:00][%mdl 512] Weighted Error Value: White=0.41/Black=0.85.  Loses game:     	White=1     	Black=1      Missed win:     	White=1     	Black=1      Mistake:       	White=2     	Black=6      Inaccurate:     	White=3     	Black=2      OK:         	White=8     	Black=9      Best:        	White=2     	Black=3      Strong:       	White=3     	---} 1-0

[Event "Serbian League 2024"]
[Site "Bajina Basta"]
[Date "2024.10.02"]
[Round "6.23"]
[White "Roganovic, Milos"]
[Black "Todorovic, Goran M"]
[Result "1-0"]
[ECO "B51"]
[WhiteElo "2434"]
[BlackElo "2289"]
[Annotator "RC"]
[PlyCount "85"]
[EventDate "2024.09.26"]
[EventType "team-tourn"]
[EventCountry "SRB"]
[SourceTitle "playchess.com"]
[Source "ChessBase"]
[SourceQuality "1"]
[TimeControl "40/5400+30:1800+30"]

1. e4 c5 2. Nf3 d6 3. Bb5+ Nc6 4. O-O Bd7 5. c3 Nf6 6. d4 Nxe4 7. d5 Ne5 8. Na3 g6 9. Nxe5 dxe5 10. Qe2 Bxb5 11. Nxb5 Nd6 12. Qxe5 Rg8 13. Qe2 a6 14. Nxd6+ Qxd6 15. Rd1 Bg7 16. g3 Be5 17. Re1 Bf6 18. Bf4 Qxd5 19. Rad1 Qf5 20. Qf3 g5 21. Rd5 Qc8 22. Bd6 Rg6 23. Bxc5 Qh3 24. Qe2 e6 25. Rd2 Rh6 26. f3 Qf5 27. Qe3 Rc8 28. Bd6 Rg6 29. g4 Qb5 30. Red1 Bd8 31. Kg2 Qc6 32. Ba3 Be7 33. Bxe7 Kxe7 34. Qe5 Rgg8 35. Rd6 Qc7 36. c4 h6 37. c5 a5 38. a3 a4 39. h4 gxh4 40. Qh5 Rg6 41. Qxh4+ Kf8 42. Rd7 Qxc5 43. Rc1 1-0

[Event "Serbian League 2024"]
[Site "Bajina Basta"]
[Date "2024.10.02"]
[Round "6.24"]
[White "Arsovic, Goran"]
[Black "Pezelj, Novak"]
[Result "1/2-1/2"]
[ECO "A57"]
[WhiteElo "2356"]
[BlackElo "2460"]
[Annotator "TA"]
[PlyCount "66"]
[EventDate "2024.09.26"]
[EventType "team-tourn"]
[EventCountry "SRB"]
[SourceTitle "playchess.com"]
[Source "ChessBase"]
[SourceQuality "1"]
[TimeControl "40/5400+30:1800+30"]

1. d4 Nf6 2. Nf3 c5 3. d5 b5 4. c4 Bb7 5. a4 Qa5+ 6. Bd2 b4 7. Qc2 g6 8. e4 {[%emt 0:00:21] With the idea e5.} d6 9. Bd3 Bg7 10. O-O O-O 11. h3 Nbd7 12. Bf4 Rfe8 13. Nbd2 Nh5 14. Be3 Ne5 (14... e6 $11) 15. Be2 {[%emt 0:05:08] And now Nxe5 would win.} Nxf3+ 16. Bxf3 Nf6 17. e5 $1 Nd7 {[%emt 0:01:53] [#]} ({Better is} 17... dxe5 18. Nb3 Qc7) 18. e6 $1 $16 Nf6 19. exf7+ Kxf7 20. Rad1 (20. Rae1 $16) 20... Kg8 21. b3 Qc7 22. Ne4 e6 {[%emt 0:09:28] [#]} (22... Nxe4 $14 23. Bxe4 e6) 23. dxe6 {[%emt 0:00:38] White is more active.} (23. Ng5 $1 $16 ) 23... Nxe4 $11 24. Bxe4 Rxe6 25. Bxb7 Qxb7 26. Rd5 Qf7 27. Qd3 Qf8 28. Rd1 Be5 {[%emt 0:00:05] The position is equal.} 29. Qd2 Rae8 30. Bh6 Qf6 31. Bg5 Qg7 32. Bh6 Qf6 33. Bg5 Qg7 {[%emt 0:00:03] Weighted Error Value: White=0.12 (very precise) /Black=0.18 (very precise) .  Mistake:       	White=2     	Black=3      Inaccurate:     	White=2     	Black=2      OK:         	White=5     	Black=8      Best:        	White=1     	Black=2      Strong:       	White=2     	---} 1/2-1/2

[Event "Serbian League 2024"]
[Site "Bajina Basta"]
[Date "2024.10.02"]
[Round "6.25"]
[White "Sychev, Klementy"]
[Black "Benkovic, Petar"]
[Result "1-0"]
[ECO "B41"]
[WhiteElo "2532"]
[BlackElo "2362"]
[Annotator "TA"]
[PlyCount "53"]
[EventDate "2024.09.26"]
[EventType "team-tourn"]
[EventCountry "SRB"]
[SourceTitle "playchess.com"]
[Source "ChessBase"]
[SourceQuality "1"]
[TimeControl "40/5400+30:1800+30"]

1. e4 c5 2. Nf3 e6 3. d4 cxd4 4. Nxd4 a6 5. a3 Nf6 6. Nc3 d6 7. Be3 Nc6 8. f4 {White is slightly better.} Be7 9. Qe2 e5 10. Nf5 Bxf5 11. exf5 exf4 12. Bxf4 d5 13. O-O-O {[%cal Ba1d1,Bd1d4,Bd4c4][%mdl 32] Hoping for g4.} d4 14. Qf3 (14. g4 $14 {was preferrable.}) 14... Qa5 15. Ne2 Qxf5 (15... Rd8 $11) 16. Nxd4 $16 Nxd4 17. Rxd4 O-O 18. Qxb7 Bc5 19. Bd3 {This pair of bishops is nice.} Qe6 20. Rc4 {White has more active pieces. White is clearly better.} Be3+ 21. Bxe3 Qxe3+ 22. Kb1 {Black is weak on the light squares} a5 23. Rd1 $36 {[%mdl 2048] Black is under strong pressure.} Rad8 (23... h6 $16 24. Rf1 Rad8) 24. Qc7 ({White should try} 24. Qb5 $18) 24... Qg5 25. h4 Qxg2 26. Qxa5 h6 27. Qd2 {[%emt 0:00:00] Weighted Error Value: White=0.12 (very precise) /Black=0.17 (very precise) .  Mistake:       	White=2     	Black=2      Inaccurate:     	White=2     	---        OK:         	White=6     	Black=10     Best:        	White=4     	Black=1} 1-0